 Dungeon Crawl Stone Soup version 0.27-a0-1196-g3e9cee4cb2 (console) character file.

Game seed: 16606416255513048368

1262 Gather the Ducker (level 8, -1/58 HPs)
             Began as a Djinni Transmuter on May 27, 2021.
             Slain by a bullfrog (7 damage)
             ... on level 6 of the Dungeon.
             The game lasted 00:30:33 (7408 turns).

Gather the Ducker (Djinni Transmuter)               Turns: 7408, Time: 00:30:34

Health: -1/58      AC:  3    Str:  9    XL:     8   Next: 81%
Gold:   207        EV: 29    Int: 17    God:
                   SH:  0    Dex: 14

rFire    + + .     SeeInvis .     - Unarmed
rCold    x . .     Faith    .   (no shield)
rNeg     . . .     Spirit   .   a - +1 robe
rPois    ∞         Reflect  .   (no helmet)
rElec    .         Harm     .   (no cloak)
rCorr    .         Rampage  .   (no gloves)
Will     +....                  (boots unavailable)
Stlth    ++........             m - amulet of the acrobat
HPRegen  0.19/turn              j - ring of willpower
MPRegen  0.00/turn              (no ring)

@: acrobatic, flying
A: sickness immunity, fire resistance 2, cold vulnerability 1, float, innate
caster, hp casting, extra vitality 1
a: no special abilities


You were on level 6 of the Dungeon.
You visited 1 branch of the dungeon, and saw 7 of its levels.

You collected 257 gold pieces.
You spent 50 gold pieces at shops.

Inventory:

Hand Weapons
 b - a +0 dagger of venom
 i - a +0 dagger
 p - a +4 hunting sling
 t - a +0 short sword
Missiles
 h - 103 stones (quivered)
 q - 41 sling bullets
 r - 36 poisoned darts
Armour
 a - a +1 robe (worn)
 o - a +0 leather armour
 s - the +5 ring mail "Petog Ritse" {rN+ Str+4 Int+4 Dex-5}
   (You found it on level 4 of the Dungeon)

   It affects your strength (+4).
   It affects your intelligence (+4).
   It affects your dexterity (-5).
   It protects you from negative energy.
Magical Staves
 v - a staff of cold
Jewellery
 j - a ring of willpower (left hand)
 m - an amulet of the acrobat (around neck)
 u - a ring of poison resistance
Scrolls
 l - 2 scrolls of enchant armour
 n - a scroll of teleportation
 w - 3 scrolls of amnesia {unknown}
 x - a scroll of fog {unknown}
 y - a scroll of immolation
Potions
 c - 2 potions of mutation
 d - a potion of magic {unknown}
 e - a potion of degeneration {unknown}
 f - 2 potions of haste
 g - a potion of curing {unknown}
 k - 2 potions of cancellation {unknown}


   Skills:
 + Level 4.2 Fighting
 + Level 5.2 Dodging
 - Level 3.2 Stealth
 + Level 4.9 Unarmed Combat
 + Level 4.4 Spellcasting


You couldn't memorise any spells.
You knew the following spells:

 Your Spells              Type           Power      Damage    Failure   Level
a - Beastly Appendage     Tmut           38%        N/A       2%          1
b - Animate Skeleton      Necr           38%        N/A       2%          1
c - Passwall              Tmut/Erth      15%        N/A       3%          2
d - Ice Form              Ice/Tmut       19%        N/A       24%         4
e - Hydra Form            Tmut           9%         N/A       54%         5
f - Stone Arrow           Conj/Erth      38%        3d9       7%          3
w - Wereblood             Tmut           19%        N/A       3%          2
x - Spider Form           Tmut/Pois      9%         N/A       7%          3
Your spell library was empty.

Dungeon Overview and Level Annotations

Branches:
Dungeon (7/15)
 Temple: D:4-7

Altars:
Elyvilon
Fedhas
Gozag
Kikubaaqudgha
Okawaru
Uskayaw
Yredelemnul

Shops:
D:3 *((   D:4 [

Annotations:
D:4 1 runed translucent door, soonmide's ghost, amateur DsEn


Innate Abilities, Weirdness & Mutations

You are immune to sickness and miasma.
You are immune to poison.
Your flesh is very heat resistant. (rF++)
You are vulnerable to cold. (rC-)
You float through the air rather than walking.
You learn spells naturally, not from books.
Your magical power is your life essence.
You have superior vitality. (+4 HP)


Message History

You turn into a venomous arachnid creature.
Your +1 robe melds into your body.
The steam dragon completely misses you. x2
You hit the steam dragon.
The steam dragon is lightly wounded.
The steam dragon breathes steam at you. The ball of steam hits you!
You hear a croak.
You bite the steam dragon!
The steam dragon is poisoned.
The steam dragon is moderately wounded.
You are engulfed in a cloud of scalding steam.
The steam dragon bites you. The steam dragon claws you.
A bullfrog comes into view.
The howler monkey skeleton is engulfed in a cloud of scalding steam.
The howler monkey skeleton is destroyed!
Your Dodging skill increases to level 5!
You hit the steam dragon but do no damage.
The steam dragon looks as sick as possible!
The steam dragon is severely wounded.
The steam dragon breathes steam at you. The ball of steam hits you!!
* * * LOW HITPOINT WARNING * * *
You see here an adder corpse.
Okay, then.
The bullfrog is engulfed in a cloud of scalding steam.
You kill the steam dragon!
The bullfrog releases a deep croak.
The bullfrog completely misses you.
Your transformation is almost over.
The bullfrog misses you. The bullfrog barely misses you.
The bullfrog completely misses you. The bullfrog completely misses you.
Your transformation has ended.
Your +1 robe unmelds from your body.
The bullfrog completely misses you. The bullfrog completely misses you.
The bullfrog closely misses you. The bullfrog barely misses you.
The bullfrog hits you!
You die...

#.######## ###...
#........# ......
########.# ###...
#.# #.# #.# #.#
#.# #.# #F# #@#
#.# #### #.# ...#
#.# ##.# #.# #.#
#.# #.# #.#
#.#############.#
#...............#
#.###############
###


You could see a bullfrog.

Vanquished Creatures
  A steam dragon (D:6)
  A water moccasin (D:5)
  Purgy (D:4)
  A sky beast (D:5)
  A black bear (D:5)
  An ogre (D:5)
  Blork the orc (D:4)
  A scorpion (D:4)
  A bullfrog zombie (D:5)
  3 jellies (D:4)
  2 orc priests
  2 centaur skeletons (D:5)
  An iguana (D:5)
  3 orc wizards (D:5)
  10 adders
  An ufetubus (D:4)
  3 adder skeletons
  A worm (D:2)
  2 dart slugs
  11 orcs
  4 ball pythons
  A bat (D:1)
  8 endoplasms
  9 giant cockroaches
  7 goblins
  4 hobgoblins
  3 jackals (D:4)
  14 kobolds
  3 quokkas
  2 frilled lizards (D:2)
  6 rats
109 creatures vanquished.

Vanquished Creatures (others)
  A howler monkey skeleton (D:6)
  2 fungi (D:4)
  4 toadstools (D:4)
7 creatures vanquished.

Grand Total: 116 creatures vanquished

Notes
Turn   | Place    | Note
-------+----------+-------------------------------------------
     0 | D:1      | Gather the Djinni Transmuter began the quest for the Orb.
     0 | D:1      | Reached XP level 1. HP: 17/17 MP: 0/0
   252 | D:1      | Reached XP level 2. HP: 20/22 MP: 0/0
   438 | D:1      | Found a faded altar of an unknown god.
   985 | D:2      | Reached XP level 3. HP: 26/27 MP: 0/0
   985 | D:2      | Learned a level 1 spell: Animate Skeleton
  1302 | D:2      | Found a white marble altar of Elyvilon.
  1542 | D:2      | Reached XP level 4. HP: 27/32 MP: 0/0
  1977 | D:2      | Reached skill level 1 in Stealth
  2561 | D:3      | Found Ulushrim's Weapon Shop.
  2629 | D:3      | Reached skill level 3 in Dodging
  2629 | D:3      | Reached XP level 5. HP: 23/38 MP: 0/0
  2629 | D:3      | Learned a level 2 spell: Passwall
  2955 | D:3      | Found Dioxikel's Weapon Emporium.
  3144 | D:3      | Found Lijaizar's Magic Scroll Emporium.
  3144 | D:3      | Found Cyjufruo's Assorted Antiques.
  3991 | D:4      | Found a runed translucent door.
  3991 | D:4      | Noticed soonmide's ghost (amateur DsEn)
  4085 | D:4      | Reached XP level 6. HP: 34/43 MP: 0/0
  4292 | D:4      | Found a basalt altar of Yredelemnul.
  4380 | D:3      | Bought a scroll of identify for 50 gold pieces
  4530 | D:4      | Noticed Blork the orc
  4542 | D:4      | Killed Blork the orc
  4657 | D:4      | Found Yres's Armour Boutique.
  4657 | D:4      | Noticed Purgy
  4680 | D:4      | Killed Purgy
  4681 | D:4      | Reached XP level 7. HP: 41/49 MP: 0/0
  4681 | D:4      | Learned a level 3 spell: Stone Arrow
  4833 | D:4      | Identified the +5 ring mail "Petog Ritse" {rN+ Str+4 Int+4
                  | Dex-5}
  4900 | D:4      | Found an iron altar of Okawaru.
  4902 | D:4      | Found a blossoming altar of Fedhas.
  5555 | D:4      | Found a hide-covered altar of Uskayaw.
  5555 | D:4      | Found an opulent altar of Gozag.
  5679 | D:5      | Entered Level 5 of the Dungeon
  5692 | D:5      | Reached skill level 4 in Dodging
  6086 | D:5      | Reached XP level 8. HP: 53/56 MP: 0/0
  7220 | D:5      | You are sucked into a shaft and drop 2 floors!
  7376 | D:6      | Reached skill level 5 in Dodging
  7378 | D:6      | HP: 1/58 [steam dragon/ball of steam (24)]
  7408 | D:6      | Slain by a bullfrog

Illustrated notes

Levels and vault maps discovered:
D:1:      ebering_hopf_link, layout_loops_ring, basic_ecumenical_altar,
          minmay_misc_feat_tower
D:2:      layout_loops_cross, basic_altar
D:3:      layout_basic, serial_shops, shop, nicolae_shop_trees, shop,
          shop_fountains, lemuel_another_geyser
D:4:      cheibrodos_fertilizer, layout_loops_cross,
          lemuel_coloured_pillars_altar, nicolae_overflow_hidden_temple,
          amethyst_overflow_temple_binary, ebering_ghost_inner_flame,
          serial_shops, shop, uniq_blork_the_orc, uniq_purgy
D:5:      layout_loops_ring, kennysheep_mini_moat, lemuel_doored_altar,
          serial_bayou_crossing
D:6:      layout_basic, palyth_stone_intersect
D:7:      lemuel_ice_statue, layout_loops_ring, nzn_wu_jian_council_hall,
          minmay_temple_entry_gardened_gates, enter_ossuary_4

Skill      XL: |  1  2  3  4  5  6  7  8 |
---------------+-------------------------+-----
Spellcasting   | 2 3 4 |  4.4
Stealth        | 1 2 3 |  3.2
Fighting       | 2 3 4 |  4.2
Dodging        | 3 4 5 |  5.2
Unarmed Combat | 4 |  4.9

Action                   |  1- 3 |  4- 6 |  7- 9 || total
-------------------------+-------+-------+-------++-------
Melee: Unarmed           |    83 |   124 |   148 ||   355
       Headbutt          |     9 |     1 |     6 ||    16
       Punch             |     1 |       |       ||     1
 Fire: Hunting sling     |       |     2 |    26 ||    28
Throw: Stone             |       |     2 |       ||     2
 Cast: Beastly Appendage |    10 |     1 |     7 ||    18
       Wereblood         |     1 |       |     3 ||     4
       Spider Form       |     7 |    28 |    23 ||    58
 Abil: End Transformatio |       |       |     2 ||     2
  Use: Scroll            |       |     9 |     2 ||    11
 Stab: Sleeping          |     1 |     3 |     5 ||     9
Armor: Robe              |    14 |     4 |     4 ||    22
       Skin              |     3 |     8 |     4 ||    15
Dodge: Dodged            |    57 |   104 |   127 ||   288

Table legend: (Time is in decaauts)
 A = Elapsed time spent in this place.
 B = Non-inter-level travel time spent in this place.
 C = Inter-level travel time spent in this place.
 D = Time resting spent in this place.
 E = Time spent auto-exploring this place.
 F = Levels seen in this place.
 G = Mean time per level.
                   A        B        C        D        E       F      G
               +--------+--------+--------+--------+--------+-----+--------+
         Total |   7392 |   7054 |    338 |   1221 |   4273 |   7 | 1056.0 |
       Dungeon |   7392 |   7054 |    338 |   1221 |   4273 |   7 | 1056.0 |
               +--------+--------+--------+--------+--------+-----+--------+

Top non-repeatable levels by time:
     D:4: 2169 daAuts
     D:2: 1424 daAuts
     D:3: 1240 daAuts
     D:5: 1201 daAuts
     D:1: 1169 daAuts
     D:6: 174 daAuts
     D:7: 12 daAuts
